Map: Catalyst LE

Players

Zanster

  • Race: Zerg Zerg
  • League: Master
  • Spawn Location: 11:00

Elazer - Winner!

  • Race: Zerg Zerg
  • Spawn Location: 5:00

Event: WCS Austin 2018

VOD

Have the link to the VOD?

Description

Time

  • Played on: June 1, 2018, 5:48 p.m.
  • Length: 10:31

All games in this series

Show
View Real Time Build Order
Export as new Build Order

Zanster Zerg 

Build Orders: Hatch First 

Get SALT Encoding   

  12  0:00  Drone  
  13  0:12  Overlord  
  13  0:17  Drone  
  14  0:30  Drone x2  
  16  0:49  Hatchery  
  15  0:51  Drone  
  15  0:55  Drone  
  17  0:59  Drone  
  18  1:09  Extractor  
  17  1:14  Spawning Pool  
  17  1:18  Drone  
  17  1:20  Drone  
  18  1:28  Drone  
  19  1:39  Drone  
  20  1:49  Overlord  
  20  2:01  Queen x2  
  24  2:09  Drone x2  
  24  2:10  Drone  
  24  2:11  Metabolic Boost  
  24  2:14  Drone  
  28  2:23  Drone  
  28  2:24  Drone  
  30  2:32  Zergling x2  
  31  2:38  Baneling Nest  
  31  2:40  Drone  
  31  2:44  Zergling x4  
  33  2:52  Hatchery  
  33  2:55  Overlord  
  32  3:08  Zergling x2  
  32  3:09  Zergling x6  
  36  3:15  Zergling x10  
  36  3:19  Overlord  
  41  3:29  Queen  
  41  3:31  Drone  
  41  3:33  Baneling x2  
  44  3:39  Zergling x2  
  44  3:40  Drone x2  
  47  3:47  Baneling x2  
  47  3:48  Drone  
  47  3:49  Drone x3  
  47  3:54  Drone  
  52  4:00  Drone  
  52  4:01  Drone x3  
  52  4:04  Drone  
  52  4:05  Drone  
  52  4:11  Overlord  
  52  4:16  Drone  
  51  4:18  Drone  
  51  4:20  Extractor, Drone, Roach Warren  
  51  4:21  Extractor  
  51  4:22  Baneling  
  51  4:23  Baneling  
  41  4:27  Zergling x4  
  43  4:34  Drone  
  45  4:42  Zergling x2  
  45  4:43  Zergling x14  
  52  4:49  Zergling x4  
  53  4:57  Zergling x8  
  57  5:00  Overlord  
  57  5:03  Baneling  
  57  5:04  Baneling  
  54  5:16  Overlord  
  54  5:18  Roach x4  
  61  5:29  Roach  
  61  5:30  Roach x3  
  61  5:35  Roach x2  
  73  5:41  Roach  
  73  5:42  Roach x2  
  75  5:51  Zergling x10  
  80  6:00  Zergling x4  
  80  6:03  Overlord  
  81  6:12  Overlord  
  81  6:17  Zergling x2  
  80  6:27  Zergling x16  
  80  6:31  Ravager  
  78  6:34  Ravager  
  65  6:42  Roach x6  
  65  6:46  Drone, Evolution Chamber  
  65  6:47  Drone x3  
  78  6:55  Drone  
  78  6:56  Queen  
  78  6:59  Lair  
  81  7:04  Drone x2  
  81  7:05  Drone x2  
  85  7:10  Drone x3  
  85  7:12  Drone  
  89  7:17  Zerg Missile Weapons Level 1  
  89  7:18  Overlord  
  89  7:22  Roach  
  91  7:25  Roach  
  90  7:40  Roach x5  
  90  7:43  Overlord  
  96  7:45  Extractor, Unknown  
  96  7:46  Extractor  
  96  7:47  Roach  
  96  7:48  Roach  
  96  7:49  Zergling x8  
  100  7:55  Extractor, Roach  
  100  7:58  Overlord  
  101  8:04  Roach x2  
  105  8:08  Overlord  
  105  8:17  Drone x4  
  109  8:24  Drone x5  
  109  8:25  Glial Reconstitution  
  114  8:27  Drone  
  114  8:28  Drone, Roach  
  114  8:32  Roach  
  122  8:34  Roach  
  122  8:38  Overlord  
  122  8:39  Drone  
  123  8:42  Drone x2  
  123  8:47  Roach x2  
  125  8:49  Roach x2  
  125  8:54  Roach x2  
  129  8:55  Overlord  
  129  8:56  Overlord  
  129  8:59  Ravager  
  129  9:00  Ravager x2  
  129  9:01  Roach  
  135  9:02  Ravager  
  133  9:11  Overlord x3  
  133  9:12  Hydralisk Den  
  132  9:18  Drone  
  132  9:19  Drone x5  
  138  9:31  Spore Crawler  
  138  9:32  Spore Crawler  
  138  9:33  Spore Crawler  
  138  9:34  Drone x3  
  138  9:36  Unknown  
  138  9:40  Drone  
  138  9:41  Drone x4  
  138  9:43  Drone  
  140  9:47  Overlord  
  126  10:02  Roach x9  
Show
View Real Time Build Order
Export as new Build Order

Elazer Zerg - Winner!

Build Orders: Hatch First 

Get SALT Encoding   

  12  0:00  Drone  
  13  0:12  Overlord  
  13  0:17  Drone  
  14  0:31  Drone x2  
  16  0:48  Hatchery  
  15  0:51  Drone  
  15  0:54  Drone  
  17  0:58  Drone  
  18  1:08  Extractor  
  17  1:13  Spawning Pool  
  17  1:17  Drone  
  17  1:20  Drone  
  18  1:28  Drone  
  19  1:39  Drone  
  20  1:49  Overlord  
  20  1:59  Queen  
  20  2:00  Drone x2, Queen  
  26  2:08  Metabolic Boost  
  26  2:11  Zergling x2  
  26  2:13  Drone  
  28  2:22  Drone x2  
  30  2:32  Drone x2  
  32  2:40  Hatchery  
  31  2:46  Overlord  
  31  2:47  Drone  
  32  2:53  Drone  
  32  2:55  Baneling Nest  
  32  2:56  Drone  
  32  3:10  Drone  
  32  3:11  Drone x3  
  36  3:13  Overlord  
  36  3:14  Drone  
  36  3:15  Zergling x4  
  39  3:21  Zergling x4  
  41  3:30  Queen  
  41  3:32  Zergling x2  
  44  3:38  Baneling x2  
  44  3:41  Drone x2  
  44  3:42  Drone  
  44  3:43  Overlord, Evolution Chamber  
  44  3:44  Drone  
  44  3:48  Drone x3  
  50  3:51  Zergling x2  
  50  3:53  Baneling x2  
  50  3:56  Zergling x4  
  50  4:00  Zergling x2  
  50  4:01  Baneling x2  
  52  4:05  Zergling x2  
  51  4:10  Extractor  
  51  4:14  Zergling x10  
  53  4:22  Zergling x2  
  53  4:25  Hatchery  
  53  4:28  Queen  
  54  4:34  Zerg Missile Weapons Level 1  
  54  4:36  Drone x2  
  54  4:37  Drone  
  57  4:43  Extractor  
  57  4:45  Roach Warren  
  55  4:48  Drone x2  
  55  4:50  Drone  
  58  4:57  Overlord, Drone  
  58  4:58  Drone  
  57  5:02  Drone  
  55  5:07  Zergling x6  
  55  5:08  Zergling x2  
  55  5:11  Baneling x2  
  59  5:15  Overlord x2  
  59  5:28  Roach  
  59  5:29  Roach  
  59  5:34  Roach x5  
  73  5:36  Roach x2  
  71  5:43  Roach x3  
  71  5:50  Roach x2  
  71  5:56  Roach  
  76  5:59  Roach x2  
  76  6:00  Ravager  
  76  6:04  Roach x3  
  87  6:06  Roach  
  87  6:08  Overlord  
  89  6:19  Lair  
  89  6:24  Overlord  
  89  6:25  Queen  
  89  6:30  Roach  
  89  6:31  Roach x2  
  86  6:36  Roach x3  
  86  6:39  Roach  
  88  6:42  Overlord  
  88  6:44  Drone x2  
  88  6:46  Ravager  
  88  6:47  Drone  
  92  6:48  Drone  
  92  6:51  Drone x2  
  92  6:53  Zergling x2  
  96  6:55  Drone  
  96  6:56  Drone  
  96  6:58  Drone  
  96  7:01  Extractor, Drone  
  100  7:04  Drone  
  100  7:05  Drone  
  101  7:10  Extractor  
  101  7:12  Extractor  
  101  7:14  Drone x3  
  102  7:18  Drone x2  
  102  7:19  Drone  
  102  7:22  Overseer  
  105  7:24  Spire, Drone  
  105  7:25  Drone  
  105  7:30  Overlord  
  105  7:33  Overlord  
  97  7:39  Drone x4  
  97  7:42  Drone  
  101  7:48  Roach x3  
  106  7:54  Queen  
  108  7:59  Overlord  
  108  8:00  Roach x2  
  114  8:05  Roach  
  114  8:06  Roach x2  
  118  8:14  Overlord  
  118  8:16  Roach x3  
  118  8:19  Overlord  
  124  8:35  Mutalisk x6  
  135  8:44  Mutalisk x2  
  135  8:47  Drone x3  
  140  8:48  Drone  
  140  8:55  Drone x4  
  145  9:03  Overlord  
  145  9:19  Overlord  
  145  9:21  Mutalisk x4  
  145  9:23  Overlord  
  152  9:39  Mutalisk x5  
  160  9:50  Drone x12  
  166  9:55  Drone x2  
  162  10:06  Overlord  
  158  10:12  Roach  
  150  10:20  Hatchery  
Tags
 
Add a new tag
Caveats
  • Supply blocks, unpowered buildings, or Contaminate may cause inaccurate times.
  • Supply counts are checked every 10 seconds.